 Dungeon Crawl Stone Soup version 0.24.0-123-gd5b16e6ec5 (webtiles) character file.

Game seed: 5896976484734959332, levelgen mode: deterministic

113 Locuples the Covert (level 4, -6/26 HPs)
             Began as a Vampire Assassin on Jan 28, 2020.
             Killed by divine providence
             ... invoked by an orc priest
              (13 damage)
             ... on level 3 of the Dungeon.
             The game lasted 00:04:39 (2088 turns).

Locuples the Covert (Vampire Assassin)              Turns: 2088, Time: 00:04:40

Health: -6/26      AC:  4    Str: 10    XL:     4   Next: 65%
Magic:  4/4        EV: 12    Int: 15    God:
Gold:   83         SH:  0    Dex: 16    Spells: 3/3 levels left

rFire    . . .     SeeInvis +   a - +2 dagger
rCold    + + .     Gourm    .   (no shield)
rNeg     + + +     Faith    .   b - +0 robe
rPois    ∞         Spirit   .   (no helmet)
rElec    .         Reflect  .   c - +0 cloak
rCorr    .         Harm     .   (no gloves)
MR       .....                  n - +0 pair of boots
Stlth    ++++++....             (no amulet)
HPRegen  0.00/turn              l - +3 ring of slaying
MPRegen  0.09/turn              m - +2 ring of intelligence

@: bloodless
A: no food, fangs 3, see invisible, unbreathing
a: Bat Form, Revivify


You were on level 3 of the Dungeon.
You were bloodless.

You visited 1 branch of the dungeon, and saw 3 of its levels.

You collected 83 gold pieces.

Inventory:

Hand Weapons
 a - a +2 dagger (weapon)
Missiles
 d - 8 poisoned darts (quivered)
 e - 2 curare-tipped darts
Armour
 b - a +0 robe (worn)
 c - a +0 cloak (worn)
 n - a +0 pair of boots (worn)
Jewellery
 l - a +3 ring of slaying (left hand)
 m - a +2 ring of intelligence (right hand)
Scrolls
 f - a scroll of identify {unknown}
 g - 2 scrolls of teleportation {unknown}
 j - 2 scrolls of remove curse {unknown}
 k - a scroll of immolation {unknown}
Potions
 h - 3 potions of lignification {unknown}
 i - a potion of curing {unknown}


   Skills:
 - Level 1.7 Fighting
 + Level 2.9 Short Blades
 - Level 1.5 Throwing
 - Level 1.1 Dodging
 * Level 8.9 Stealth


You had 3 spell levels left.
You didn't know any spells.
Your spell library was empty.

Dungeon Overview and Level Annotations

Branches:
Dungeon (3/15)

Altars:


Innate Abilities, Weirdness & Mutations

You do not eat.
You do not regenerate when monsters are visible.
You are frail without blood (-20% HP).
You can heal yourself when you bite living creatures.
You are immune to poison.
You have razor-sharp teeth.
You have supernaturally acute eyesight. (SInv)
You can survive without breathing.


Message History

You now have 83 gold pieces (gained 10).
An orc comes into view. It is wielding a +0 whip.
An orc comes into view. It is wielding a +0 trident.
An orc priest comes into view. It is wielding a +0 dagger.
The orc shouts!
The orc priest shouts!
You hear a shout!
An orc comes into view.
An orc comes into view. It is wielding a +0 flail.
A centaur comes into view.
The orc shouts!
The orc shouts! x2; The centaur shouts!
The giant cockroach bites you.
The centaur wields a +0 shortbow.
The centaur shoots an arrow.
The arrow hits you.
The centaur shoots an arrow.
The arrow hits you.
You see here an arrow.
The centaur shoots an arrow.
The arrow hits you!
* * * LOW HITPOINT WARNING * * *
The orc priest mumbles some strange prayers to Beogh against you.
Beogh smites you!
Ouch! That really hurt!
You die...

#... #.##.# #.......
#...##.##.# #.......
#..o.#.##.# #.......
####o.$.#.##.# #.......
.....ooo#.##.####.#####.
........#.##......# #.
...c..o.#.....##### #.
.......s#.....# #.
####...@#.....# #†
#......##### #. ####...#
## #...# ...#># #######


You could see a centaur, an orc priest, 5 orcs and a giant cockroach.

Vanquished Creatures
  A bullfrog zombie (D:3)
  An adder (D:2)
  A gnoll (D:1)
  2 worms (D:2)
  A dart slug (D:2)
  An orc (D:3)
  5 giant cockroaches
  6 goblins
  6 hobgoblins
  7 kobolds
  4 quokkas
  7 bats
  A frilled lizard (D:1)
  9 rats
52 creatures vanquished.

Notes
Turn   | Place    | Note
-------+----------+-------------------------------------------
     0 | D:1      | Locuples the Vampire Assassin began the quest for the Orb.
     0 | D:1      | Reached XP level 1. HP: 16/16 MP: 1/1
    92 | D:1      | Reached skill level 6 in Stealth
   170 | D:1      | Reached XP level 2. HP: 8/17 MP: 2/2
   518 | D:1      | Reached skill level 7 in Stealth
   829 | D:2      | Reached XP level 3. HP: 21/21 MP: 3/3
  1316 | D:2      | Reached skill level 8 in Stealth
  1700 | D:2      | Reached XP level 4. HP: 26/26 MP: 4/4
  2083 | D:3      | Noticed a centaur
  2088 | D:3      | Killed from afar by an orc priest

Levels and vault maps discovered:
D:1:      giann_wishing_wells, layout_loops_ring
D:2:      layout_rooms, first_ration
D:3:      layout_basic, uniq_grinder

Skill      XL: |  1  2  3 |
---------------+----------+-----
Stealth        | 6 7 8 |  8.9
Fighting       | |  1.7
Short Blades   | |  2.9
Throwing       | |  1.5
Dodging        | |  1.1

Action                   |  1- 3 |  4- 6 || total
-------------------------+-------+-------++-------
Melee: Dagger            |   106 |    17 ||   123
       Bite              |     9 |       ||     9
Throw: Dart              |     2 |       ||     2
 Abil: Exsanguinate      |     1 |       ||     1
 Stab: Sleeping          |    20 |     6 ||    26
Armor: Robe              |    17 |     6 ||    23
Dodge: Dodged            |    43 |    10 ||    53
